 Dungeon Crawl Stone Soup version 0.21.1-1-g345015f (webtiles) character file.

187 tyranidshit the Charlatan (level 5, -3/41 HPs)
             Began as a Demonspawn Abyssal Knight on July 28, 2018.
             Was a Follower of Lugonu.
             Slain by a naga
             ... wielding a +0 trident
             ... summoned by a worldbinder
              (14 damage)
             ... on level 3 of the Abyss.
             The game lasted 00:01:25 (80 turns).

tyranidshit the Charlatan (Demonspawn Abyssal Knight) Turns: 80, Time: 00:01:26

Health: -3/41      AC:  5    Str: 13    XL:     5   Next: 39%
Magic:  5/8        EV: 11    Int: 13    God:    Lugonu [*.....]
Gold:   0          SH:  0    Dex: 13    Spells: 4/4 levels left

rFire    . . .     SeeInvis .   a - +1 hand axe
rCold    . . .     Gourm    .   (no shield)
rNeg     . . .     Faith    .   b - +0 leather armour
rPois    .         Spirit   .   (no helmet)
rElec    .         Reflect  .   (no cloak)
rCorr    .         Harm     .   (no gloves)
MR       .....                  (no boots)
Stlth    +.........             (no amulet)
HPRegen  0.13/turn              (no ring)
MPRegen  0.11/turn              (no ring)

@: no status effects
A: claws 1, slimy green scales 1
a: Depart the Abyss, Renounce Religion


You were on level 3 of the Abyss.
You worshipped Lugonu.
Lugonu was aware of your devotion.
You were not hungry.

You visited 0 branches of the dungeon, and saw 0 of its levels.
You visited the Abyss 1 time.

Inventory:

Hand Weapons
 a - a +1 hand axe (weapon)
Armour
 b - a +0 leather armour (worn)
Miscellaneous
 d - a phial of floods (inert)
Comestibles
 c - a ration


   Skills:
 + Level 3.0 Fighting
 - Level 1.7 Axes
 - Level 1.7 Armour
 - Level 0.8 Dodging
 - Level 2.4 Invocations
 - Level 5.2 Evocations


You had 4 spell levels left.
You didn't know any spells.

Dungeon Overview and Level Annotations

Branches:
Dungeon (0/15)

Altars:


Innate Abilities, Weirdness & Mutations

You have sharp fingernails.
You are partially covered in slimy green scales. (AC +2)


Message History

There is an open door here.
A worldbinder comes into view.
A spatial vortex comes into view.
The spatial maelstrom misses you. The spatial maelstrom hits you!
Space bends around you.
The worldbinder calls forth creatures from the Snake Pit!
Evoke which item? (* to show all) (? for menu, Esc to quit)
That is presently inert.
The worldbinder calls forth creatures from the Snake Pit!
Something completely misses your water elemental.
Something claws your water elemental but does no damage.
Something barely misses your water elemental.
A spatial vortex comes into view.
The black mamba disappears in a puff of smoke!
The spatial vortex moves out of view.
The spatial maelstrom hits you but does no damage.
The spatial maelstrom hits you! Space bends around you.
* * * LOW HITPOINT WARNING * * *
The naga hits you from afar with a trident!
You die...

...#. ≈≈≈ ......
#E# .....N ##Z##
......# #≈≈≈##
.......####Z#.#
.....#.x##Ev###
....#..N....#
....§.Sv#..#..#
........@...#....
..#.......#.#.....
.....#....... ..#.
.....#.#.......#..
.... #..#..#...#..
..# ....#..#.## .#
.... .##..# #....
#. ##


You could see a spatial maelstrom, a spatial vortex, a mana viper, a
worldbinder, 2 nagas, a golden dragon zombie and a friendly water elemental.

Vanquished Creatures (collateral kills)
  A smoke demon (Abyss:2)
1 creature vanquished.

Notes
Turn   | Place    | Note
-------+----------+-------------------------------------------
     0 | Abyss:1  | tyranidshit the Demonspawn Abyssal Knight began the quest for the Orb.
     0 | Abyss:1  | Reached XP level 1. HP: 18/18 MP: 2/2
     1 | Abyss:1  | Found an ancient bone altar of Kikubaaqudgha.
    38 | Abyss:2  | Noticed a smoke demon
    46 | Abyss:2  | Noticed a small abomination
    46 | Abyss:2  | Killed a smoke demon
    46 | Abyss:2  | Reached skill level 5 in Evocations
    46 | Abyss:2  | Gained mutation: You have sharp fingernails. [demonic ancestry]
    46 | Abyss:2  | Reached XP level 2. HP: 24/24 MP: 2/5
    46 | Abyss:2  | Gained mutation: You are partially covered in slimy green scales. (AC +2) [demonic ancestry]
    46 | Abyss:2  | Reached XP level 3. HP: 29/29 MP: 2/6
    46 | Abyss:2  | Reached XP level 4. HP: 35/35 MP: 2/7
    46 | Abyss:2  | Reached XP level 5. HP: 41/41 MP: 2/8
    71 | Abyss:3  | Noticed a golden dragon zombie
    72 | Abyss:3  | Noticed a spatial maelstrom
    73 | Abyss:3  | Noticed a spatial vortex
    76 | Abyss:3  | Noticed a worldbinder
    77 | Abyss:3  | Noticed a spatial vortex
    79 | Abyss:3  | Noticed a black mamba
    80 | Abyss:3  | Noticed a spatial vortex
    80 | Abyss:3  | Noticed a mana viper
    80 | Abyss:3  | Noticed a naga
    80 | Abyss:3  | Noticed a naga
    80 | Abyss:3  | Slain by a naga

Skill      XL: |  1 |
---------------+----+-----
Evocations     | 5 |  5.2
Fighting       | |  3.0
Axes           | |  1.7
Armour         | |  1.7
Dodging        | |  0.8
Invocations    | |  2.4

Action                   |  1- 3 |  4- 6 || total
-------------------------+-------+-------++-------
Melee: Hand axe          |       |     1 ||     1
Evoke: Phial of floods   |     1 |     1 ||     2
Armor: Leather armour    |       |     2 ||     2
Dodge: Dodged            |       |     2 ||     2
